 Dungeon Crawl Stone Soup version 0.14-a0-2812-gec04de3 (webtiles) character file.

351 SomethingShithole the Cudgeler (level 5, 0/45 HPs)
             Began as a Minotaur Warper on Feb 25, 2014.
             Slain by an orc
             ... wielding a +0,+0 hand axe
              (2 damage)
             ... on Level 4 of the Dungeon.
             The game lasted 00:17:30 (3726 turns).

SomethingShithole the Cudgeler (Minotaur Warper)    Turns: 3726, Time: 00:17:30

HP   0/45        AC  4     Str 16      XL: 5   Next: 47%
MP   0/4         EV 11     Int 10      God:
Gold 153         SH  0     Dex 10      Spells:  3 memorised,  1 level left

rFire  . . .     SeeInvis .     e - +1,+0 flail
rCold  . . .     Clarity  .     b - +1 leather armour
rNeg   . . .     Conserve .     (no shield)
rPois  .         rCorr    .     (helmet restricted)
rElec  .         rRot     .     (no cloak)
SustAb . .       Spirit   .     (no gloves)
rMut   .         Warding  .     (no boots)
Saprov . . .     Stasis   .     (no amulet)
MR     .....                    (no ring)
                                (no ring)

@: very slightly contaminated, not resistant to hostile enchantments, very
unstealthy
A: retaliatory headbutt, horns 2
a: no special abilities


You were on level 4 of the Dungeon.
You were not hungry.

You visited 1 branch of the dungeon, and saw 4 of its levels.

You collected 153 gold pieces.

Inventory:

Hand weapons
 a - a +2,+0 mace
 e - a +1,+0 flail (weapon)
Missiles
 f - 10 darts of dispersal
 m - 7 darts of frost
 s - 7 darts (quivered)
Armour
 b - a +1 leather armour (worn)
Comestibles
 d - a rotting chunk of giant cockroach flesh
 g - 4 bread rations
 k - a chunk of bat flesh
 n - a choko
 o - 2 rotting chunks of iguana flesh
 t - 2 chunks of hobgoblin flesh
 u - an orange
Scrolls
 h - a scroll of identify {unknown}
 l - 4 scrolls of remove curse
 p - 2 scrolls of magic mapping
 r - 2 scrolls of fear
Jewellery
 i - an uncursed ring of flight {unknown}
Potions
 j - 4 potions of curing
 q - a potion of heal wounds
Books
 c - a book of Spatial Translocations

   Spells                             Type                      Level
   *Apportation                       Translocation                1
   *Blink                             Translocation                2
   Shroud of Golubria                 Charms/Translocation         2
   Portal Projectile                  Translocation                3
   *Teleport Other                    Translocation                3
   Passage of Golubria                Translocation                4


   Skills:
 + Level 3.2 Fighting
 + Level 3.2 Maces & Flails
 + Level 2.2 Throwing
 + Level 3.2 Armour
 + Level 3.1 Dodging
 - Level 0.5 Stealth
 + Level 1.5 Spellcasting
 + Level 2.7 Translocations


You had one spell level left.
You knew the following spells:

 Your Spells              Type           Power        Failure   Level  Hunger
a - Apportation           Tloc           #.........   12%         1    ##.....
b - Blink                 Tloc           N/A          17%         2    ###....
c - Teleport Other        Tloc           #.......     34%         3    ####...


Dungeon Overview and Level Annotations

Branches:
Dungeon (4/16)
 Temple: D:4-7

Altars:
Dithmenos
Yredelemnul
Zin

Annotations:
D:2 Sigmund


Innate Abilities, Weirdness & Mutations

You reflexively headbutt those who attack you in melee.
You have a pair of horns on your head.


Message History

There is a basalt altar of Yredelemnul here.
Sorry, you're not good enough to have a special ability.
Casting: Teleport Other
Confirm with . or Enter, or press ? or * to list all spells.
You blink.
Splash!
You fall into the shallow water.
Moving in this stuff is going to be slow.
The orc warrior hits you with a scimitar!
* * * LOW HITPOINT WARNING * * *
The rat barely misses you.
Unknown command.
Why would you want to do that? Why would you want to do that?
Casting: Blink
Confirm with . or Enter, or press ? or * to list all spells.
You miscast Blink.
You are very lightly contaminated with residual magic.
You feel a strange surge of energy! The orc hits you with a hand axe.
You die...

.#.# #.#.#,**,#....[.)...#####,#.
)#.# #.#.#,*#.#####.###........#.
o#,***....,,#..........#.#######.
o#,,,,,*,*,,#.................##.
.#####**##############.##.###.##.
.#...# #≈≈≈≈≈≈≈≈# #.....#...##.
.....####≈≈≈≈≈≈zz#####...........
.#.............oor.§##...^#.#####
.#.######≈≈≈≈≈≈≈@####.....#.#
.#.#** #≈≈≈≈≈≈≈≈# ##.##.#.#
.#..,***##############.##.#.#
.###*,**,* #.......##.##.#.# ..
,,,,,,* #.......#*,,,,#.#
.$,,*,*,,* #...###.#*****#.#
#*,,,, ,,* #.......#######.#
,*,,*,,,,####..###..........#
,*,,*,,,,#.....# #...########


You could see an orc warrior, an orc, 2 big fish zombies and a rat.

Vanquished Creatures
  An iguana (D:4)
  Ijyb (D:3)
  3 gnolls (D:2)
  3 adders (D:2)
  A giant mite (D:1)
  2 worms
  3 giant geckos
  2 oozes
  2 orcs (D:4)
  A giant cockroach (D:3)
  6 goblins
  10 hobgoblins
  4 quokkas
  7 bats
  6 giant newts
  4 jackals
  8 kobolds
  6 rats
70 creatures vanquished.

Vanquished Creatures (others)
  A kobold (D:1)
1 creature vanquished.

Grand Total: 71 creatures vanquished

Notes
Turn   | Place    | Note
--------------------------------------------------------------
     0 | D:1      | SomethingShithole, the Minotaur Warper, began the quest for the Orb.
     0 | D:1      | Reached XP level 1. HP: 18/18 MP: 2/2
   285 | D:1      | Reached XP level 2. HP: 23/25 MP: 2/2
   808 | D:1      | Reached XP level 3. HP: 28/30 MP: 3/3
  1453 | D:2      | Found a shadowy altar of Dithmenos.
  1516 | D:2      | Found a glowing silver altar of Zin.
  1845 | D:2      | Reached XP level 4. HP: 23/37 MP: 4/4
  1994 | D:2      | Reached skill level 3 in Maces & Flails
  2217 | D:2      | Noticed Sigmund
  3123 | D:3      | Reached XP level 5. HP: 45/45 MP: 4/4
  3185 | D:3      | Noticed Ijyb
  3200 | D:3      | Killed Ijyb
  3517 | D:4      | Learned a level 2 spell: Blink
  3521 | D:4      | Learned a level 3 spell: Teleport Other
  3675 | D:4      | Noticed an orc warrior
  3716 | D:4      | Found a basalt altar of Yredelemnul.
  3725 | D:4      | HP: 2/45 [orc warrior/scimitar (17)]
  3726 | D:4      | Slain by an orc

Action                   |  1- 3 |  4- 6 || total
-------------------------+-------+-------++-------
Melee: Mace              |    97 |    11 ||   108
       Flail             |       |    68 ||    68
Throw: Dart              |    16 |    26 ||    42
 Cast: Teleport Other    |       |     1 ||     1
       Blink             |       |     1 ||     1
  Use: Potion            |     4 |     4 ||     8
       Scroll            |     7 |     9 ||    16
